 Dungeon Crawl Stone Soup version 0.22-a0-265-g0d8bc90 (webtiles) character file.

50 neds the Sneak (level 3, 0/27 HPs)
             Began as a Vampire Assassin on Mar 7, 2018.
             Slain by Terence
             ... wielding a +1 hand axe of freezing
              (8 damage)
             ... on level 1 of the Dungeon.
             The game lasted 00:13:26 (1645 turns).

neds the Sneak (Vampire Assassin)                   Turns: 1645, Time: 00:13:27

Health: 0/27       AC:  3    Str: 10    XL:     3   Next: 55%
Magic:  3/3        EV: 13    Int: 13    God:
Gold:   58         SH:  0    Dex: 16    Spells: 2/2 levels left

rFire    . . .     SeeInvis +   a - +2 dagger
rCold    . . .     Gourm    +   (no shield)
rNeg     + . .     Faith    .   c - +0 robe
rPois    .         Spirit   .   (no helmet)
rElec    .         Reflect  .   d - +0 cloak
rCorr    .         Harm     .   (no gloves)
MR       .....                  (no boots)
Stlth    +++.......             k - amulet of the gourmand
HPRegen  0.09/turn              (no ring)
MPRegen  0.08/turn              (no ring)

@: no status effects
A: fangs 3, see invisible, unbreathing
a: Bat Form


You were on level 1 of the Dungeon.
You were not thirsty.

You visited 1 branch of the dungeon, and saw 2 of its levels.

You collected 58 gold pieces.

Inventory:

Hand Weapons
 a - a +2 dagger (weapon)
 b - a +0 blowgun
 h - a +0 hunting sling
 r - a +0 short sword
Missiles
 f - 2 curare-tipped needles
 l - 7 needles of sleeping
Armour
 c - a +0 robe (worn)
 d - a +0 cloak (worn)
Jewellery
 k - an amulet of the gourmand (around neck)
Scrolls
 i - a scroll of teleportation {unknown}
 o - 3 scrolls of identify {unknown}
 p - a scroll of magic mapping {unknown}
Potions
 g - 7 potions of blood
 j - a potion of curing {unknown}
 m - a potion of ambrosia {unknown}
 n - a potion of berserk rage {unknown}
 q - a potion of degeneration {unknown}


   Skills:
 + Level 2.2 Fighting
 + Level 2.8 Short Blades
 + Level 1.8 Throwing
 + Level 2.0 Dodging
 + Level 6.5 Stealth


You had 2 spell levels left.
You didn't know any spells.

Dungeon Overview and Level Annotations

Branches:
Dungeon (2/15)

Altars:

Annotations:
D:1 Terence
D:2 Robin


Innate Abilities, Weirdness & Mutations

You have razor-sharp teeth.
You have supernaturally acute eyesight. (SInv)
You can survive without breathing.


Message History

You hit Terence but do no damage. Terence misses you.
You barely miss Terence. Your bite misses Terence. Terence barely misses you.
You hit Terence.
Terence is lightly wounded.
Terence closely misses you.
You hit Terence but do no damage. You bite Terence, but do no damage.
Terence is lightly wounded.
You hit Terence. You bite Terence, but do no damage.
Terence is lightly wounded.
Terence hits you with a hand axe of freezing.
Terence freezes you.
You hit Terence but do no damage. Your bite misses Terence.
Terence is lightly wounded.
Terence hits you with a hand axe of freezing.
Terence freezes you.
* * * LOW HITPOINT WARNING * * *
You hit Terence.
Terence is moderately wounded.
Terence hits you with a hand axe of freezing!
You die...

...>......####.#####(#####.####.#
########...###.# #..####..##..#
#.#.....# ##...###......
#.####.## ###.###...#.# #.# #.##
#..##...#.# #.# #..# ###.##.#.#.#
#.####..### ##......#.#.#
#..##...@.####..#.####.#.#
#########..#.###@##...##.# #.#.#
.......###.#.# #......##.# #.#.#
######.###...# ###.##....####...#
#......## ###.####.....##..#
####.##..#####...####.###.##..#
#....###...........##.###.##...
###....# #..##.......##..........
.......####.##.#.#######..#..###.
..........................##.####


You could see Terence.

Vanquished Creatures
  Jessica (D:2)
  An ooze (D:1)
  A worm (D:2)
  A ball python (D:1)
  3 goblins
  2 hobgoblins (D:1)
  A bat (D:1)
  6 frilled lizards (D:1)
  2 kobolds
  3 rats (D:1)
21 creatures vanquished.

Notes
Turn   | Place    | Note
-------+----------+-------------------------------------------
     0 | D:1      | neds the Vampire Assassin began the quest for the Orb.
     0 | D:1      | Reached XP level 1. HP: 16/16 MP: 1/1
     9 | D:1      | Reached skill level 6 in Stealth
   223 | D:1      | Reached XP level 2. HP: 22/22 MP: 2/2
   651 | D:2      | Found a faded altar of an unknown god.
   835 | D:2      | Noticed a crimson imp
   842 | D:2      | Noticed Jessica
   854 | D:2      | Killed Jessica
   854 | D:2      | Reached XP level 3. HP: 16/27 MP: 3/3
  1434 | D:2      | Noticed Terence
  1435 | D:2      | Noticed Robin
  1645 | D:1      | Slain by Terence

Vault maps used:
D:1:      scummos_arrival_simple_crosswalls
D:2:      cheibrodos_greedy_goblins, chequers_ecumenical_altar_simple,
          uniq_jessica, uniq_robin, uniq_natasha, uniq_terence

Skill      XL: |  1  2 |
---------------+-------+-----
Stealth        | 6 |  6.5
Fighting       | 2 |  2.2
Dodging        | 2 |  2.0
Short Blades   | |  2.8
Throwing       | |  1.8

Action                   || total
-------------------------++-------
Melee: Dagger            ||   132
       Bite              ||    14
  Use: Potion            ||     1
 Stab: Sleeping          ||     7
  Eat: Corpse            ||     1
Armor: Robe              ||    15
Dodge: Dodged            ||    60

Table legend:
 A = Spawn XP
 B = Non-spawn XP
 C = Spawn XP percentage of total XP
 D = Spawn monster count
 E = Non-spawn monster count
 F = Spawn count percentage of total count
 G = Total turns spent on level
                    A         B        C        D         E        F      G
               +---------+---------+-------+---------+---------+-------+---------
         Total |       0 |      72 |   0.0 |       0 |      21 |   0.0 |  1645
               +---------+---------+-------+---------+---------+-------+---------
           D:1 |       0 |      25 |   0.0 |       0 |      16 |   0.0 |  1099
           D:2 |       0 |      47 |   0.0 |       0 |       5 |   0.0 |   546
               +---------+---------+-------+---------+---------+-------+---------
